 Dungeon Sprint DCSS version 0.17.1-3-g152610e (webtiles) character file.

4100000 Kokonut the Axe Maniac (level 22, -5/254 HPs)
             Began as a Demonspawn Monk on Mar 12, 2016.
             Was the Champion of Makhleb.
             Engulfed by a cloud of flame (12 damage)
             ... in the Dungeon (Sprint VIII: "Arena of Blood").
             The game lasted 00:05:14 (41 turns).

Kokonut the Axe Maniac (Demonspawn Monk)              Turns: 41, Time: 00:05:14

Health: -5/254     AC:  4    Str: 13    XL:     22   Next: 17%
Magic:  0/53       EV: 36    Int: 20    God:    Makhleb [******]
Gold:   0          SH:  0    Dex: 16    Spells: 0 memorised, 75 levels left

rFire  . . .     SeeInvis .     i - +∞ Axe of Woe
rCold  . . .     Clarity  .     a - +0 robe
rNeg   . . .     SustAt   .     (shield currently unavailable)
rPois  .         Gourm    .     (no helmet)
rElec  .         Spirit   +     (no cloak)
rCorr  .         Warding  .     (no gloves)
rMut   .         NoTele   +     (boots unavailable)
MR     +....                    (no amulet)
Stlth  +++++++++.               (no ring)
                                (no ring)

@: hasted, repel missiles, very quick, somewhat resistant to hostile
enchantments, incredibly stealthy
A: hooves 3, repulsion field 3, powered by death 3, robust 2, magic shield,
magic regeneration, magic link
a: Minor Destruction, Lesser Servant of Makhleb, Major Destruction, Greater
Servant of Makhleb, Renounce Religion


You were in the Dungeon.
You worshipped Makhleb.
Makhleb was exalted by your worship.
You were not hungry.

You visited 1 branch

Inventory:

Hand Weapons
 i - the +∞ Axe of Woe (weapon)
   (You found it in the Dungeon)
Armour
 a - a +0 robe (worn)
Scrolls
 h - a scroll of blinking
Potions
 c - a potion of curing
 f - 2 potions of magic
 g - a potion of berserk rage
Comestibles
 b - a bread ration


   Skills:
 O Level 27 Fighting
 O Level 27 Axes
 + Level 25.4 Throwing
 + Level 25.4 Armour
 O Level 27 Dodging
 O Level 27 Stealth
 + Level 25.6 Unarmed Combat
 O Level 27 Spellcasting
 O Level 27 Invocations


You had 75 spell levels left.
You didn't know any spells.

Dungeon Overview and Level Annotations

Branches:
Dungeon (1/1)

Altars:
Makhleb

Annotations:
D The Servant


Innate Abilities, Weirdness & Mutations

You have hooves in place of feet.
You are surrounded by a strong repulsion field (EV +4, rMsl).
You regenerate a lot of health from kills.
You are very robust (+20% HP).
When hurt, damage is shared between your health and your magic reserves.
You regenerate magic rapidly.
When low on magic, you restore magic in place of health.


Message History

You have mastered Stealth!
Your Unarmed Combat skill increases to level 25!
You have reached level 22!
Your demonic ancestry asserts itself...
You feel robust.
You are engulfed in roaring flames.
You hear a shout!
The Servant hits you from afar with a +9 glaive of flaming!!!!
* * * LOW HITPOINT WARNING * * *
The Servant burns you!
* * * LOW HITPOINT WARNING * * *
You hear a shout! x2
A bag of meat comes into view. It is wielding a +9 war axe.
Press: ? - help, v - describe, . - travel
Here: The Servant, wielding a +9 glaive of flaming and wearing a +130 ring of slaying (lightly wounded)
The floor.
You don't have enough health at the moment.
Drink which item? (? for menu, Esc to quit)
You feel yourself speed up.
You are engulfed in roaring flames.
You die...

.. ..... #.
...# #.. ...# .
.###.. ...###..
....%.###O.....
......_§§§..
#...§§# #_.§§@#
#..§§§#
...%O._.%@..
......###..o...
.###%. ..o###..
#.. ...# . #.
...# .. .....


You could see The Servant, 2 meat berserkers and 2 bags of meat.

Vanquished Creatures
  2 vampire knights (D)
  9 ogres (D)
  13 orcs (D)
  4 hill giants (D)
28 creatures vanquished.

Notes
Turn   | Place    | Note
--------------------------------------------------------------
     0 | D        | Kokonut the Demonspawn Monk began the quest for the Orb.
     0 | D        | Reached XP level 1. HP: 18/18 MP: 1/1
     4 | D        | Noticed a bag of meat
     4 | D        | Became a worshipper of Makhleb the Destroyer
     4 | D        | Reached * piety under Makhleb
     4 | D        | Reached ** piety under Makhleb
     5 | D        | Noticed a bag of meat
     6 | D        | Noticed a bag of meat
     7 | D        | Killed a bag of meat
     7 | D        | Reached skill level 23 in Axes
     7 | D        | Gained mutation: You are surrounded by a mild repulsion field (EV +2). [demonic ancestry]
     7 | D        | Reached XP level 2. HP: 24/24 MP: 2/2
     7 | D        | Reached XP level 3. HP: 29/29 MP: 3/3
     7 | D        | Gained mutation: When hurt, damage is shared between your health and your magic reserves. [demonic ancestry]
     7 | D        | Reached XP level 4. HP: 35/35 MP: 4/4
     7 | D        | Gained mutation: You regenerate a little health from kills. [demonic ancestry]
     7 | D        | Reached XP level 5. HP: 41/41 MP: 5/5
     7 | D        | Reached XP level 6. HP: 47/47 MP: 6/6
     7 | D        | Gained mutation: You regenerate magic rapidly. [demonic ancestry]
     7 | D        | Reached XP level 7. HP: 52/52 MP: 7/7
     7 | D        | Gained mutation: You are surrounded by a moderate repulsion field (EV +3). [demonic ancestry]
     7 | D        | Reached XP level 8. HP: 58/58 MP: 8/8
     7 | D        | Reached XP level 9. HP: 63/63 MP: 9/9
     7 | D        | Reached XP level 10. HP: 70/70 MP: 10/10
     7 | D        | Gained mutation: You have large cloven feet. [demonic ancestry]
     7 | D        | Reached XP level 11. HP: 75/75 MP: 11/11
     9 | D        | Noticed a bag of meat
     9 | D        | Noticed a bag of meat
     9 | D        | Killed a bag of meat
     9 | D        | Reached skill level 27 in Axes
     9 | D        | Reached skill level 1 in Spellcasting
     9 | D        | Gained mutation: You regenerate health from kills. [demonic ancestry]
     9 | D        | Reached XP level 12. HP: 80/84 MP: 11/14
    10 | D        | Noticed a bag of meat
    11 | D        | Killed a bag of meat
    11 | D        | Reached *** piety under Makhleb
    11 | D        | Gained mutation: You have hoof-like feet. [demonic ancestry]
    11 | D        | Reached XP level 13. HP: 88/109 MP: 11/24
    12 | D        | Noticed a bag of meat
    13 | D        | Noticed a bag of meat
    13 | D        | Noticed a bag of meat
    15 | D        | Killed a bag of meat
    15 | D        | Reached skill level 15 in Fighting
    15 | D        | Reached skill level 10 in Spellcasting
    15 | D        | Reached XP level 14. HP: 115/124 MP: 12/28
    16 | D        | Killed a bag of meat
    16 | D        | Reached **** piety under Makhleb
    17 | D        | Killed a bag of meat
    17 | D        | Reached XP level 15. HP: 136/142 MP: 13/32
    17 | D        | Killed a bag of meat
    17 | D        | Reached skill level 15 in Dodging
    17 | D        | Reached skill level 15 in Spellcasting
    19 | D        | Noticed a meat berserker
    19 | D        | Killed a bag of meat
    19 | D        | Reached ***** piety under Makhleb
    20 | D        | Noticed a meat berserker
    20 | D        | Noticed a meat berserker
    20 | D        | Killed a bag of meat
    20 | D        | Gained mutation: When low on magic, you restore magic in place of health. [demonic ancestry]
    20 | D        | Reached XP level 16. HP: 157/161 MP: 14/37
    21 | D        | Noticed a meat berserker
    21 | D        | Noticed a large bag of meat
    22 | D        | Noticed a meat berserker
    22 | D        | Noticed a meat berserker
    23 | D        | Killed a meat berserker
    23 | D        | Reached skill level 27 in Fighting
    23 | D        | Killed a meat berserker
    23 | D        | Gained mutation: You have hooves in place of feet. [demonic ancestry]
    23 | D        | Reached XP level 17. HP: 174/174 MP: 23/43
    25 | D        | Noticed a bag of meat
    25 | D        | Noticed a bag of meat
    25 | D        | Noticed a large bag of meat
    25 | D        | Noticed a large bag of meat
    25 | D        | Killed a meat berserker
    25 | D        | Killed a meat berserker
    25 | D        | Reached ****** piety under Makhleb
    25 | D        | Reached skill level 27 in Dodging
    25 | D        | Gained mutation: You are surrounded by a strong repulsion field (EV +4, rMsl). [demonic ancestry]
    25 | D        | Reached XP level 18. HP: 182/182 MP: 28/48
    26 | D        | Noticed a large bag of meat
    26 | D        | Noticed a bag of meat
    26 | D        | Noticed a destroyer
    27 | D        | Noticed a meat berserker
    27 | D        | Noticed a destroyer
    27 | D        | Killed a meat berserker
    27 | D        | Reached skill level 27 in Spellcasting
    27 | D        | Killed a meat berserker
    27 | D        | Gained mutation: You are robust (+10% HP). [demonic ancestry]
    27 | D        | Reached XP level 19. HP: 182/207 MP: 32/50
    28 | D        | Killed a large bag of meat
    29 | D        | Noticed a bag of meat
    29 | D        | Noticed a large bag of meat
    30 | D        | Noticed a bag of meat
    30 | D        | Noticed a meat berserker
    30 | D        | Killed a destroyer
    30 | D        | Reached skill level 15 in Throwing
    30 | D        | Reached skill level 15 in Armour
    32 | D        | Killed a large bag of meat
    32 | D        | Reached XP level 20. HP: 216/216 MP: 26/51
    33 | D        | Noticed a meat berserker
    33 | D        | Killed a bag of meat
    33 | D        | Killed a destroyer
    33 | D        | Killed a meat berserker
    34 | D        | Noticed The Servant
    35 | D        | Noticed a destroyer
    35 | D        | Killed a large bag of meat
    35 | D        | Reached skill level 27 in Invocations
    35 | D        | Gained mutation: You regenerate a lot of health from kills. [demonic ancestry]
    35 | D        | Reached XP level 21. HP: 224/224 MP: 25/52
    35 | D        | Killed a large bag of meat
    36 | D        | Killed a bag of meat
    37 | D        | Noticed a bag of meat
    37 | D        | Killed a meat berserker
    38 | D        | Noticed a bag of meat
    38 | D        | Noticed a meat berserker
    38 | D        | Killed a bag of meat
    38 | D        | Killed a bag of meat
    40 | D        | Noticed a meat berserker
    40 | D        | Killed a meat berserker
    40 | D        | Reached skill level 27 in Stealth
    40 | D        | Gained mutation: You are very robust (+20% HP). [demonic ancestry]
    40 | D        | Reached XP level 22. HP: 108/254 MP: 13/53
    40 | D        | HP: 7/254 [The Servant/+9 glaive of flaming (14)]
    41 | D        | Noticed a bag of meat
    41 | D        | Engulfed by a cloud of flame

Action                   |  1- 3 |  4- 6 |  7- 9 | 10-12 | 13-15 | 16-18 | 19-21 | 22-24 || total
-------------------------+-------+-------+-------+-------+-------+-------+-------+-------++-------
Melee: Executioner's axe |     1 |       |       |     2 |     5 |     3 |     9 |       ||    20
  Use: Potion            |       |       |       |       |       |       |     1 |     1 ||     2
